 Dungeon Crawl Stone Soup version 0.29-a0-284-gf9362112df (webtiles) character file.

Game seed: 11179046637544612481

70625 pokeman the Sorcerer (level 14, -4/82 HPs)
             Began as a Deep Elf Hedge Wizard on Mar 14, 2022.
             Was a High Priest of Vehumet.
             Killed from afar by a hell hound (11 damage)
             ... with a blast of flame
             ... led by Azrael
             ... on level 12 of the Dungeon.
             The game lasted 01:08:56 (25545 turns).

pokeman the Sorcerer (Deep Elf Hedge Wizard)       Turns: 25545, Time: 01:08:57

Health: -4/82      AC: 12    Str:  7    XL:     14   Next: 94%
Magic:  48/50      EV: 28    Int: 34    God:    Vehumet [*****.]
Gold:   1461       SH:  0    Dex: 14    Spells: 29/56 levels left

rFire   . . .      SeeInvis .   r - staff of conjuration
rCold   . . .      Faith    .   (no shield)
rNeg    . . .      Spirit   .   B - +0 steam dragon scales
rPois   +          Reflect  .   m - +1 hat {Int+3}
rElec   .          Harm     .   q - +0 cloak {rPois}
rCorr   .          Rampage  .   E - +0 pair of gloves
Will    +....                   K - +1 pair of boots
Stlth   ++........              b - amulet of the acrobat
HPRegen 0.23/turn               V - +6 ring of intelligence
MPRegen 0.32/turn               H - ring of magical power

@: acrobatic
A: no striking features
a: Renounce Religion


You were on level 12 of the Dungeon.
You worshipped Vehumet.
Vehumet was extremely pleased with you.
You visited 3 branches of the dungeon, and saw 19 of its levels.
You also visited: Sewer and Volcano.

You collected 1461 gold pieces.

Inventory:

Hand Weapons
 g - a +0 shortbow of flaming
 j - a +1 demon whip of venom
Armour
 h - a +0 kite shield
 m - a +1 hat of intelligence (worn)
 q - a +0 cloak of poison resistance (worn)
 A - a scarf of invisibility
 B - +0 steam dragon scales (worn)
 E - a +0 pair of gloves (worn)
 K - a +1 pair of boots (worn)
Magical Staves
 r - a staff of conjuration (weapon)
 w - a staff of air
 D - a staff of cold
Jewellery
 b - an amulet of the acrobat (around neck)
 i - a ring of resist corrosion
 p - a ring of ice
 y - a ring of ice
 H - a ring of magical power (right hand)
 V - a +6 ring of intelligence (left hand)
 Y - a ring of see invisible
Wands
 f - a wand of paralysis (10)
 k - a wand of acid (3)
 l - a wand of charming (12)
 u - a wand of digging (15)
Scrolls
 a - 13 scrolls of teleportation
 e - a scroll of blinking
 s - 2 scrolls of enchant weapon
 t - 3 scrolls of magic mapping
 F - 4 scrolls of amnesia {unknown}
 L - 7 scrolls of enchant armour {unknown}
 Q - a scroll of summoning {unknown}
 T - 2 scrolls of torment {unknown}
Potions
 c - 2 potions of might
 d - a potion of magic
 n - 2 potions of berserk rage
 C - 5 potions of haste {unknown}
 G - 5 potions of curing {unknown}
 I - 3 potions of cancellation {unknown}
 N - 5 potions of mutation {unknown}
 P - 3 potions of ambrosia {unknown}
 S - 3 potions of brilliance {unknown}
 X - 3 potions of heal wounds {unknown}


   Skills:
 - Level 7.0 Fighting
 - Level 7.0 Armour
 - Level 3.0 Dodging
 - Level 3.1 Stealth
 + Level 1.4 Shields
 * Level 21.7 Spellcasting
 + Level 13.3 Conjurations
 - Level 1.1 Summonings
 - Level 1.1 Translocations
 + Level 12.7 Fire Magic
 - Level 1.2 Ice Magic
 - Level 1.1 Air Magic
 - Level 1.0 Poison Magic
 - Level 2.1 Evocations


You had 29 spell levels left.
You knew the following spells:

 Your Spells              Type           Power      Damage    Failure   Level
a - Magic Dart            Conj           100%       1d8       0%          1
b - Mephitic Cloud        Conj/Pois/Air  83%        N/A       1%          3
c - Call Imp              Summ           44%        N/A       1%          2
d - Blink                 Tloc           88%        N/A       1%          2
e - Conjure Flame         Conj/Fire      100%       6-21      0%          3
f - Foxfire               Conj/Fire      100%       2x1d9     0%          1
g - Fireball              Conj/Fire      56%        3d22      1%          5
h - Starburst             Conj/Fire      56%        6d15      1%          6
i - Iskenderun's Mystic   Conj/Tloc      91%        2d18      1%          4

Your spell library contained the following spells:

 Spells                   Type           Power      Damage    Failure   Level
 Iskenderun's Battlesphe  Conj           100%       2d15      1%          5
 Apportation              Tloc           88%        N/A       1%          1
 Slow                     Hex            100%       N/A       1%          1
 Summon Small Mammal      Summ           100%       N/A       1%          1
 Ensorcelled Hibernation  Hex/Ice        82%        N/A       1%          2
 Passwall                 Tmut/Erth      30%        N/A       1%          2
 Call Canine Familiar     Summ           44%        N/A       1%          3
 Dazzling Flash           Conj/Hex       100%       N/A       1%          3
 Gell's Gravitas          Tloc           44%        N/A       1%          3
 Ignite Poison            Fire/Tmut/Pois 62%        N/A       1%          3
 Portal Projectile        Hex/Tloc       80%        N/A       1%          3
 Summon Guardian Golem    Hex/Summ       40%        N/A       1%          3
 Swiftness                Air            44%        N/A       1%          3
 Teleport Other           Tloc           44%        N/A       1%          3
 Hailstorm                Conj/Ice       92%        3d18      1%          4
 Sticky Flame             Conj/Fire      100%       2d11      1%          4
 Ice Form                 Ice/Tmut       41%        N/A       6%          4
 Animate Dead             Necr           18%        N/A       8%          4
 Leda's Liquefaction      Hex/Erth       18%        N/A       8%          4
 Alistair's Intoxication  Tmut/Pois      26%        N/A       19%         5
 Dispersal                Tloc           22%        N/A       61%         6
 Simulacrum               Ice/Necr       20%        N/A       67%         6
 Haunt                    Necr/Summ      20%        N/A       99%         7
 Infestation              Necr           18%        N/A       100%        8


Dungeon Overview and Level Annotations

Branches:
Dungeon (12/15)            Temple (1/1) D:7            Lair (6/6) D:9
  Swamp (0/4) Lair:2       Spider (0/4) Lair:3        Slime (0/5) Lair:5
    Orc (0/2) D:11          Sewer (visited)         Volcano (visited)

Altars:
Ashenzari
Cheibriados
Dithmenos
Elyvilon
Gozag
Hepliaklqana
Kikubaaqudgha
Nemelex Xobeh
Okawaru
Qazlal
Ru
Sif Muna
Trog
Uskayaw
Vehumet
Wu Jian
Xom
Yredelemnul
Zin
The Shining One

Annotations:
D:12 Azrael


Message History

You feel a surge of power!
You erupt in a blast of force!
The mystic blast hits the hell hound!
The hell hound is heavily wounded.
The hell hound is knocked back by the mystic blast.
Unknown command.
Azrael the Boundless Flame comes into view.
He is wielding a +1 scimitar of flaming.
Casting: Iskenderun's Mystic Blast (safe; 1% risk of failure)
Confirm with . or Enter, or press ? or * to list all spells.
You feel a surge of power!
You erupt in a blast of force!
The mystic blast hits the hell hound!!
You kill the hell hound!
Vehumet accepts your kill.
You hear a bark! x2
Azrael gestures at you.
The sphere of damnation explodes!
The damnation engulfs you!!!
Ouch! That really hurt!
* * * LOW HITPOINT WARNING * * *
You hear a bark! x2
Unknown command.
A hell hound comes into view.
A fire elemental comes into view.
The hell hound breathes flames at you. The blast of flame misses you.
A hell hound comes into view.
The hell hound barks!
A fire elemental comes into view.
The fire elemental moves out of view.
The hell hound closely misses you. The hell hound breathes flames at you.
The blast of flame misses you.
The hell hound attacks as you move away!
The hell hound barely misses you. The hell hound breathes flames at you.
The blast of flame hits the hell hound.
The hell hound completely resists.
The blast of flame hits you!!
* * * LOW HITPOINT WARNING * * *
The hell hound closely misses you. The hell hound breathes flames at you.
The blast of flame hits you!
You die...

#................
#................
#########).#####.........
...........#...#.........
##.........#...#.........
.#.........+...#.....####
.#.........#...#.....#
.#.........#...#....<#
.#.........#'###@....#
'#..........hEh.....##
............☼.......#
........R.°☼........#
#####..°#####.......#
#..°#...#.......#
#...'...#[......#
#..E#...#.........
#####.h○#...#..######..


You could see a fire elemental and 2 hell hounds.

Vanquished Creatures
  A stone giant (D:11)
  The ghost of drugrobin the Severer, a journeyman DgFi (Lair:5)
  A red draconian (Volcano)
  Josephine (Lair:4)
  A yaktaur captain (D:11)
  4 hydras
  3 boulder beetles
  2 centaur warriors (D:9)
  4 two-headed ogres
  A tengu warrior (D:11)
  6 death yaks
  A salamander mystic (Volcano)
  Sonja (D:12)
  Amaemon (D:12)
  A deep troll (D:11)
  2 goliath frogs (Lair:6)
  2 deep elf pyromancers (D:12)
  A bog body (Lair:2)
  3 wolf spiders (Lair:3)
  2 cyclopes
  5 salamanders (Volcano)
  3 elephants (Lair:6)
  Maurice (D:12)
  A torpor snail (Lair:3)
  6 black mambas
  23 cane toads
  An orange demon (D:12)
  A gargoyle (D:12)
  3 kobold demonologists
  13 komodo dragons
  4 rime drakes
  An efreet (D:11)
  3 polar bears
  A troll (D:11)
  Grinder (D:4)
  3 tyrant leeches (Lair:6)
  22 blink frogs
  4 slime creatures (D:12)
  3 dream sheep (Lair:3)
  A culicivora (Lair:3)
  72 yaks
  A vampire (D:9)
  A shadow (D:12)
  The ghost of SirDiesAlot the Skirmisher, an amateur MiFi (D:4)
  11 fire bats
  7 wraiths
  3 wyverns
  4 basilisks
  Grum (D:7)
  9 vampire mosquitoes
  A redback (Lair:3)
  3 steam dragons
  3 acid dragons
  2 hell hounds
  8 water moccasins
  3 orc warriors
  A black bear (D:8)
  An ice beast (D:7)
  A sky beast (D:7)
  3 ogres
  12 wolves
  4 centaurs
  2 kobold brigands
  21 bullfrogs
  2 gnoll sergeants
  3 scorpions
  A necrophage (D:8)
  9 wights
  4 killer bees
  4 electric eels (Lair:5)
  6 howler monkeys
  5 lava snakes
  A jelly (D:4)
  Crazy Yiuf (D:2)
  A gnoll shaman (D:9)
  4 orc priests
  3 hounds
  2 iguanas (D:6)
  11 orc wizards
  10 gnolls
  9 adders
  2 river rats (D:3)
  2 white imps
  4 worms
  6 dart slugs
  32 orcs
  4 endoplasms
  3 giant cockroaches
  7 goblins
  4 hobgoblins
  5 jackals
  14 kobolds
  4 quokkas
  6 ball pythons
  11 bats
  5 frilled lizards
  6 rats
  2 butterflies (Lair:3)
  3 fire vortices (D:9)
  A foxfire (D:10)
511 creatures vanquished.

Vanquished Creatures (collateral kills)
  2 killer bees (D:8)
  Natasha (thrice) (D:2)
5 creatures vanquished.

Vanquished Creatures (others)
  6 lava snakes
  361 foxfires
  49 fungi
  128 plants
544 creatures vanquished.

Grand Total: 1060 creatures vanquished

Notes
Turn   | Place    | Note
-------+----------+-------------------------------------------
     0 | D:1      | pokeman the Deep Elf Hedge Wizard began the quest for the
                  | Orb.
     0 | D:1      | Reached XP level 1. HP: 10/10 MP: 7/7
    30 | D:1      | Found a faded altar of an unknown god.
   288 | D:1      | Reached XP level 2. HP: 10/16 MP: 3/9
   744 | D:1      | Reached skill level 5 in Spellcasting
  1039 | D:1      | Reached XP level 3. HP: 20/20 MP: 7/11
  1043 | D:1      | Learned a level 3 spell: Mephitic Cloud
  1046 | D:1      | Learned a level 2 spell: Call Imp
  1049 | D:1      | Learned a level 2 spell: Blink
  1053 | D:1      | Learned a level 3 spell: Conjure Flame
  1685 | D:2      | Found a runed translucent door.
  1686 | D:2      | Noticed Crazy Yiuf
  1845 | D:2      | Reached skill level 1 in Fighting
  1845 | D:2      | Reached skill level 1 in Armour
  1942 | D:2      | Noticed Natasha
  1952 | D:2      | Killed Natasha
  1953 | D:2      | Reached XP level 4. HP: 6/25 MP: 4/13
  1991 | D:2      | Noticed Natasha
  2008 | D:2      | Killed Natasha
  2053 | D:2      | Noticed Natasha
  2097 | D:2      | Killed Natasha
  2098 | D:2      | Reached skill level 1 in Fire Magic
  2143 | D:2      | Reached skill level 6 in Spellcasting
  2477 | D:2      | Killed Crazy Yiuf
  2478 | D:2      | Reached XP level 5. HP: 10/29 MP: 1/15
  2908 | D:3      | Found a glowing drain.
  2912 | Sewer    | Entered a sewer
  2992 | Sewer    | Noticed a water moccasin
  2999 | Sewer    | Killed a water moccasin
  3000 | Sewer    | Reached skill level 1 in Air Magic
  3000 | Sewer    | Reached XP level 6. HP: 22/34 MP: 13/17
  3747 | D:3      | Reached skill level 7 in Spellcasting
  3943 | D:4      | Noticed Grinder
  4060 | D:3      | Reached skill level 1 in Poison Magic
  4144 | D:4      | Found a runed translucent gate.
  4144 | D:4      | Found a runed translucent gate.
  4237 | D:4      | Found a runed translucent gate.
  4315 | D:4      | Noticed SirDiesAlot's ghost (amateur MiFi)
  4343 | D:4      | Paralysed by Grinder for 4 turns
  4354 | D:4      | Killed Grinder
  4355 | D:4      | Reached skill level 1 in Evocations
  4355 | D:4      | Reached XP level 7. HP: 17/39 MP: 4/20
  4575 | D:4      | Found a stormy altar of Qazlal.
  4630 | D:4      | Reached skill level 8 in Spellcasting
  5186 | D:4      | Found a glowing silver altar of Zin.
  5360 | D:5      | Entered Level 5 of the Dungeon
  5668 | D:5      | You fall into a shaft and drop 1 floor!
  5927 | D:5      | Reached XP level 8. HP: 44/44 MP: 13/22
  5974 | D:5      | Reached skill level 9 in Spellcasting
  6446 | D:6      | Reached skill level 5 in Conjurations
  6708 | D:6      | Reached skill level 10 in Spellcasting
  6975 | D:6      | Reached XP level 9. HP: 34/48 MP: 8/25
  6993 | D:6      | Reached skill level 11 in Spellcasting
  7351 | D:6      | Found a basalt altar of Yredelemnul.
  7417 | D:6      | Found an opulent altar of Gozag.
  7447 | D:6      | Found an ancient bone altar of Kikubaaqudgha.
  7984 | D:7      | Reached skill level 5 in Fire Magic
  8062 | D:7      | Found a staircase to the Ecumenical Temple.
  8071 | Temple   | Entered the Ecumenical Temple
  8112 | Temple   | Became a worshipper of Vehumet
  8602 | D:8      | Noticed Grum
  8702 | D:7      | Killed Grum
  8703 | D:7      | Reached skill level 12 in Spellcasting
  9365 | D:8      | Reached XP level 10. HP: 53/54 MP: 13/28
  9663 | D:8      | Reached * piety under Vehumet
  9663 | D:8      | Offered knowledge of Foxfire by Vehumet.
  9667 | D:8      | Learned a level 1 spell: Foxfire
  9971 | D:8      | Found a shimmering blue altar of Sif Muna.
 10177 | D:8      | Learned a level 6 spell: Starburst
 10236 | D:9      | Reached skill level 13 in Spellcasting
 10503 | D:9      | Noticed a centaur warrior
 10513 | D:9      | Noticed a centaur warrior
 10546 | D:9      | Killed a centaur warrior
 10547 | D:9      | Reached skill level 14 in Spellcasting
 10551 | D:9      | Killed a centaur warrior
 10735 | D:9      | Found a white marble altar of Elyvilon.
 10740 | D:9      | Noticed a two-headed ogre
 10756 | D:9      | Killed a two-headed ogre
 10757 | D:9      | Reached XP level 11. HP: 62/62 MP: 27/31
 11004 | D:9      | Found a staircase to the Lair.
 11218 | D:9      | HP: 1/62 [acid dragon/splash of acid (20)]
 11718 | D:9      | Reached ** piety under Vehumet
 11718 | D:9      | Offered knowledge of Freeze by Vehumet.
 11880 | D:9      | Reached skill level 15 in Spellcasting
 12227 | D:9      | Found a sparkling altar of Nemelex Xobeh.
 12417 | D:10     | Entered Level 10 of the Dungeon
 12516 | D:10     | Found a snail-covered altar of Cheibriados.
 12567 | D:10     | Reached skill level 5 in Fighting
 12616 | D:10     | Found a bloodstained altar of Trog.
 12616 | D:10     | Found an ornate altar of the Wu Jian Council.
 12636 | D:10     | Found a shimmering altar of Xom.
 12687 | D:10     | Noticed a two-headed ogre
 12710 | D:10     | Killed a two-headed ogre
 12867 | D:10     | Noticed a two-headed ogre
 13025 | D:10     | Found a sacrificial altar of Ru.
 13147 | D:10     | Noticed a two-headed ogre
 13163 | D:10     | Killed a two-headed ogre
 13382 | D:10     | Killed a two-headed ogre
 13718 | D:4      | Reached skill level 16 in Spellcasting
 13721 | D:4      | Killed SirDiesAlot's ghost
 13721 | D:4      | Offered knowledge of Static Discharge by Vehumet.
 14082 | D:11     | Reached *** piety under Vehumet
 14205 | D:11     | Noticed a deep troll
 14205 | D:11     | Noticed a yaktaur captain
 14298 | Lair:1   | Entered Level 1 of the Lair of Beasts
 14724 | Lair:1   | Reached XP level 12. HP: 45/68 MP: 25/34
 14726 | Lair:1   | Offered knowledge of Flame Wave by Vehumet.
 14873 | Lair:1   | Reached skill level 5 in Armour
 15853 | Lair:2   | Reached skill level 10 in Conjurations
 16285 | Lair:2   | Found a staircase to the Swamp.
 16587 | Lair:3   | Reached skill level 17 in Spellcasting
 16641 | Lair:3   | Noticed a boulder beetle
 16650 | Lair:3   | Killed a boulder beetle
 17001 | Lair:3   | Reached **** piety under Vehumet
 17180 | Lair:3   | Noticed a four-headed hydra
 17187 | Lair:3   | Killed a four-headed hydra
 17477 | Lair:3   | Found a hole to the Spider Nest.
 17481 | Lair:3   | Offered knowledge of Inner Flame by Vehumet.
 17482 | Lair:3   | Reached skill level 10 in Fire Magic
 17486 | Lair:3   | Reached skill level 18 in Spellcasting
 17839 | Lair:3   | Reached XP level 13. HP: 73/73 MP: 37/37
 18217 | Lair:4   | Noticed Josephine
 18221 | Lair:4   | Killed Josephine
 18351 | Lair:4   | Reached ***** piety under Vehumet
 18351 | Lair:4   | Offered knowledge of Fireball by Vehumet.
 18358 | Lair:4   | Learned a level 5 spell: Fireball
 19231 | Lair:5   | Found a dark tunnel.
 19239 | Volcano  | Entered a volcano
 19658 | Volcano  | Reached skill level 19 in Spellcasting
 19668 | Volcano  | Noticed a red draconian
 19676 | Volcano  | Learned a level 4 spell: Iskenderun's Mystic Blast
 19682 | Volcano  | Killed a red draconian
 20303 | Volcano  | Found a burning altar of Makhleb.
 20326 | Volcano  | Found a radiant altar of Vehumet.
 20939 | Lair:5   | Found a staircase to the Slime Pits.
 20949 | Lair:5   | Found a runed translucent door.
 20953 | Lair:5   | Noticed drugrobin's ghost (journeyman DgFi)
 21323 | Lair:5   | Killed drugrobin's ghost
 21400 | Lair:6   | Entered Level 6 of the Lair of Beasts
 21419 | Lair:6   | Reached skill level 20 in Spellcasting
 21431 | Lair:6   | Reached XP level 14. HP: 76/80 MP: 24/40
 21590 | Lair:6   | Offered knowledge of Iskenderun's Battlesphere by Vehumet.
 22564 | Lair:6   | Reached skill level 21 in Spellcasting
 23702 | D:11     | Noticed a stone giant
 23708 | D:11     | Killed a stone giant
 23709 | D:11     | Reached skill level 1 in Ice Magic
 23907 | D:11     | Found a staircase to the Orcish Mines.
 24977 | D:12     | Noticed Sonja
 24979 | D:12     | Killed Sonja
 25020 | D:12     | Noticed Amaemon
 25023 | D:12     | Killed Amaemon
 25177 | D:12     | Reached skill level 1 in Shields
 25401 | D:12     | Noticed Maurice
 25403 | D:12     | Killed Maurice
 25529 | D:12     | Noticed Azrael
 25545 | D:12     | Killed from afar by a hell hound

Illustrated notes

Levels and vault maps discovered:
D:1:      minmay_arrival_cross, layout_basic, basic_ecumenical_altar,
          chequers_serial_rivers_marsh
D:2:      layout_loops_ring, solitary_fountain, uniq_natasha,
          uniq_crazy_yiuf_cottage
D:3:      layout_basic, gup_sewer_entry_bowl, serial_corexii_hall,
          corexii_hall_statues_t, chequers_hall_statues_wall_a
D:4:      layout_loops_ring, kennysheep_mini, mainiacjoe_overflow_alcove_2,
          gammafunk_ghost_split, uniq_grinder
D:5:      layout_loops_ring
D:6:      layout_loops_cross, mainiacjoe_overflow_two_lobes,
          yredelemnul_altar_generic, hangedman_glass_garden,
          chequers_serial_rivers_small_3
D:7:      layout_loops_ring, minmay_temple_entry_mini_moons
D:8:      layout_basic, mainiacjoe_overflow_brackets,
          hangedman_abyss_or_decor_lesser_grid, uniq_grum
D:9:      minmay_bloctagon, layout_basic, lemuel_tele_altar,
          mainiacjoe_overflow_tiny_flanked, hangedman_incinerator
D:10:     layout_rooms, nicolae_ru_awakened_eye,
          amethyst_overflow_temple_binary, xom_teletrap_fun, cheibriados_altar_1
D:11:     minmay_glassy_protrusions, layout_stronghold, david_orc_3
D:12:     layout_irregular_city, uniq_maurice, uniq_azrael, uniq_sonja,
          uniq_amaemon, uniq_snorg
Temple:   dpeg_three_leaves_temple
Lair:1:   layout_concentric_octagons, guppyfry_lair_drakes
Lair:2:   layout_long_grid, skrybe_swamp_entry_bodies, st_stairs_6,
          grunt_megastairs_1, infiniplex_staircase_pool
Lair:3:   layout_loops_ring, spider_nest_entry_funnel_web,
          nicolae_lair_run_with_the_wolves, lemuel_fruit_fields
Lair:4:   layout_cave_shapes, uniq_josephine
Lair:5:   layout_concentric_octagons, slime_dummy,
          nicolae_volcano_entry_two_sided, hellmonk_ghost_happy_afterlife,
          nicolae_lair_liquid_snakes
Lair:6:   minmay_lair_end_frog_pond, layout_layer_cave, hibernation_bobbens

Skill      XL: |  1  2  3  4  5  6  7  8  9 10 11 12 13 14 |
---------------+-------------------------------------------+-----
Spellcasting   | 5 6 7 8 10 12 14 16 18 20 21 | 21.7
Fighting       | 1 2 4 5 6 7 |  7.0
Armour         | 1 3 4 6 7 |  7.0
Conjurations   | 2 3 4 5 7 8 9 11 12 13 | 13.3
Fire Magic     | 1 2 4 5 7 8 10 11 12 | 12.7
Dodging        | 3 |  3.0
Stealth        | 3 |  3.1
Air Magic      | 1 |  1.1
Poison Magic   | 1 |  1.0
Evocations     | 1 2 |  2.1
Ice Magic      | 1 |  1.2
Shields        | 1 |  1.4
Summonings     | |  1.1
Translocations | |  1.1

Action                   |  1- 3 |  4- 6 |  7- 9 | 10-12 | 13-15 || total
-------------------------+-------+-------+-------+-------+-------++-------
Melee: Hand axe          |     3 |       |       |       |       ||     3
       Whip              |    12 |    19 |       |       |       ||    31
       Staff             |       |     1 |    26 |    42 |     5 ||    74
       Punch             |       |     1 |       |       |       ||     1
       Quarterstaff      |       |       |     2 |       |       ||     2
       Short sword       |       |       |     4 |       |       ||     4
 Fire: Hand crossbow     |       |       |       |       |    28 ||    28
 Cast: Magic Dart        |    86 |    89 |   310 |    56 |    34 ||   575
       Mephitic Cloud    |     1 |     9 |    22 |    24 |    18 ||    74
       Call Imp          |     1 |     5 |     1 |     6 |     1 ||    14
       Conjure Flame     |       |     3 |    20 |    46 |       ||    69
       Blink             |       |     1 |     1 |     1 |     2 ||     5
       Foxfire           |       |       |       |   199 |     5 ||   204
       Starburst         |       |       |       |    76 |    52 ||   128
       Fireball          |       |       |       |       |   146 ||   146
       Iskenderun's Myst |       |       |       |       |    31 ||    31
Evoke: Wand              |       |       |       |     5 |    13 ||    18
  Use: Scroll            |       |       |       |    13 |     4 ||    17
 Stab: Confused          |       |     1 |     4 |     1 |       ||     6
       Sleeping          |       |     1 |       |     1 |       ||     2
Armor: Robe              |     6 |     1 |       |       |       ||     7
       Leather armour    |       |     3 |     5 |       |       ||     8
       Steam dragon scal |       |       |    29 |    40 |    30 ||    99
Dodge: Dodged            |    18 |    29 |   123 |   155 |    58 ||   383

Table legend: (Time is in decaauts)
 A = Elapsed time spent in this place.
 B = Non-inter-level travel time spent in this place.
 C = Inter-level travel time spent in this place.
 D = Time resting spent in this place.
 E = Time spent auto-exploring this place.
 F = Levels seen in this place.
 G = Mean time per level.
                   A        B        C        D        E       F      G
               +--------+--------+--------+--------+--------+-----+--------+
         Total |  25653 |  24240 |   1413 |   2383 |  18281 |  21 | 1221.6 |
       Dungeon |  16563 |  15405 |   1158 |   1725 |  11288 |  12 | 1380.2 |
        Temple |    128 |    111 |     17 |      0 |     24 |   1 |  128.0 |
          Lair |   7537 |   7300 |    237 |    355 |   6254 |   6 | 1256.2 |
         Sewer |    259 |    259 |      0 |      0 |    207 |   1 |  259.0 |
       Volcano |   1165 |   1165 |      0 |    303 |    508 |   1 | 1165.0 |
               +--------+--------+--------+--------+--------+-----+--------+

Top non-repeatable levels by time:
     D:9: 2569 daAuts
    D:11: 1653 daAuts
  Lair:6: 1632 daAuts
     D:2: 1616 daAuts
     D:4: 1487 daAuts
     D:7: 1452 daAuts
  Lair:3: 1440 daAuts
     D:8: 1383 daAuts
     D:6: 1381 daAuts
  Lair:5: 1285 daAuts
     D:1: 1199 daAuts
 Volcano: 1165 daAuts
  Lair:4: 1153 daAuts
    D:10: 1139 daAuts
  Lair:2: 1040 daAuts
